 Dungeon Crawl Stone Soup version 0.24-a0-769-g368c1644f8 (webtiles) character file.

Game seed: 17330301472895798712, levelgen mode: deterministic

6715 Argons the Destroyer (level 11, -8/54 HPs)
             Began as a Kobold Wizard on Oct 6, 2019.
             Was a Follower of Vehumet.
             Mangled by a wraith (11 damage)
             ... led by Josephine
             ... on level 9 of the Dungeon.
             The game lasted 01:27:12 (18022 turns).

Argons the Destroyer (Kobold Wizard)               Turns: 18022, Time: 01:27:12

Health: -8/54      AC:  6    Str:  5    XL:     11   Next: 23%
Magic:  7/19       EV: 19    Int: 22    God:    Vehumet [*.....]
Gold:   554        SH:  0    Dex: 14    Spells: 0/20 levels left

rFire    . . .     SeeInvis .   t - +1 dagger (elec)
rCold    . . .     Gourm    .   (shield restricted)
rNeg     . . .     Faith    .   u - +2 leather armour {MR+}
rPois    .         Spirit   .   b - +0 hat
rElec    .         Reflect  .   k - +0 cloak
rCorr    .         Harm     .   (no gloves)
MR       +....                  (no boots)
Stlth    +++.......             (no amulet)
HPRegen  0.18/turn              f - +3 ring of evasion
MPRegen  0.16/turn              (no ring)

@: slowed, very slow
A: small, carnivore
a: Renounce Religion


You were on level 9 of the Dungeon.
You worshipped Vehumet.
Vehumet was aware of your devotion.
You were full.

You visited 3 branches of the dungeon, and saw 13 of its levels.

You collected 554 gold pieces.

Inventory:

Hand Weapons
 t - a +1 dagger of electrocution (weapon)
Missiles
 h - 3 curare-tipped darts (quivered)
 n - 14 poisoned darts
 v - 7 atropa-tipped darts
Armour
 a - a +1 robe
 b - a +0 hat (worn)
 k - a +0 cloak (worn)
 u - a +2 leather armour of magic resistance (worn)
Magical Staves
 w - an uncursed staff of air
Jewellery
 f - a +3 ring of evasion (left hand)
Wands
 e - a wand of digging (11)
Scrolls
 g - a scroll of enchant armour
 i - 5 scrolls of amnesia
 p - 8 scrolls of teleportation
 q - a scroll of remove curse
 s - a scroll of identify
Potions
 c - a potion of agility
 j - a potion of lignification
 l - 2 potions of brilliance
 m - 2 potions of might
 o - 2 potions of curing
 r - a potion of haste
 x - a potion of cancellation {unknown}
 A - a potion of magic {unknown}
Comestibles
 d - 20 rations


   Skills:
 - Level 2.0 Armour
 - Level 5.0 Dodging
 - Level 7.1 Stealth
 + Level 5.4 Spellcasting
 + Level 10.8 Conjurations
 - Level 1.0 Summonings
 - Level 1.0 Translocations
 + Level 9.5 Poison Magic


You couldn't memorise any spells.
You knew the following spells:

 Your Spells              Type           Power        Failure   Level  Hunger
a - Magic Dart            Conj           ####         1%          1    None
b - Call Imp              Summ           ##......     16%         2    None
c - Blink                 Tloc           N/A          16%         2    None
d - Conjure Flame         Conj/Fire      ####....     4%          3    ##.....
e - Sting                 Conj/Pois      ####         1%          1    None
f - Poisonous Vapours     Pois/Air       ####..       3%          2    None
g - Venom Bolt            Conj/Pois      ######....   6%          5    #####..
h - Mephitic Cloud        Conj/Pois/Air  #####...     2%          3    ##.....
i - Flame Tongue          Conj/Fire      ####.        1%          1    None

Your spell library contained the following spells:

 Spells                   Type           Power        Failure   Level  Hunger
 Olgreb's Toxic Radiance  Pois           #####...     3%          4    ####...
 Slow                     Hex            #.......     24%         2    None


Dungeon Overview and Level Annotations

Branches:
Dungeon (11/15)            Temple (1/1) D:5            Lair (1/6) D:8
    Orc: D:9-12

Altars:
Ashenzari
Cheibriados
Dithmenos
Elyvilon
Fedhas
Gozag
Hepliaklqana
Kikubaaqudgha
Makhleb
Nemelex Xobeh
Okawaru
Qazlal
Ru
Sif Muna
Trog
Uskayaw
Vehumet
Wu Jian
Xom
Yredelemnul
Zin
The Shining One

Annotations:
D:9 3 runed translucent doors, Hissyw Olisu's ghost, novice DESk; Quhem's ghost, novice GrFi
D:10 Josephine
Lair:1 Gastronok


Innate Abilities, Weirdness & Mutations

You are small and have problems with some larger weapons.
You are carnivorous and can eat meat at any time.


Message History

* * * LOW HITPOINT WARNING * * *
The wraith hits you!
* * * LOW HITPOINT WARNING * * *
Casting: Flame Tongue (safe; 1% risk of failure)
Confirm with . or Enter, or press ? or * to list all spells.
Aiming: Flame Tongue (safe; 1% risk of failure)
Press: ? - help, Shift-Dir - straight line, f/p - wraith
Aim: a wraith (severely damaged)
The flame tongue hits the wraith but does no damage.
The wraith is severely damaged.
The wraith barely misses you.
Casting: Flame Tongue (safe; 1% risk of failure)
Confirm with . or Enter, or press ? or * to list all spells.
Aiming: Flame Tongue (safe; 1% risk of failure)
Press: ? - help, Shift-Dir - straight line, f/p - wraith
Aim: a wraith (severely damaged)
The flame tongue hits the wraith.
The wraith is almost destroyed.
The wraith barely misses you. The wraith hits you!
You die...

#.# ##.#### #...... #.# #.....#
#...... #.# #.....#######......
#.###########..................
#.#........)......#######......
#.#.########).....# #######
#.#.# #.#'#########
#.#W########.#W##......########
#.#..........)@)...............
#.#.........####.......########
#.#.........####.......# #
#.#....................# #
#......................# #
####...................# ####
#...................# #...
#...................# ###+
#############.......####P...


You could see a wraith.

Vanquished Creatures
  Joseph (D:10)
  A komodo dragon (D:8)
  2 trolls (D:10)
  A hippogriff (D:9)
  2 wraiths (D:9)
  3 wyverns (D:8)
  A basilisk (D:8)
  A steam dragon (D:8)
  Edmund (D:5)
  A black bear (D:10)
  2 orc warriors
  2 ice beasts (D:7)
  A necrophage (D:7)
  A phantom (D:8)
  4 sky beasts
  5 ogres
  2 crocodiles
  3 big kobolds
  6 bullfrogs
  5 scorpions
  3 jellies
  7 howler monkeys
  6 crimson imps
  5 bullfrog zombies
  A centaur zombie (D:7)
  A gnoll shaman (D:9)
  3 hounds
  A bullfrog skeleton (D:8)
  2 orc priests
  10 orc wizards
  7 iguanas
  7 worker ants
  2 hound skeletons
  2 worker ant zombies
  8 gnolls
  11 adders
  3 oozes
  An adder zombie (D:9)
  2 worms
  3 dart slugs (D:1)
  6 leopard geckos
  32 orcs
  4 ball pythons
  3 giant cockroaches
  11 goblins
  10 hobgoblins
  15 jackals
  4 quokkas
  10 bats
  7 frilled lizards
  A jackal skeleton (D:5)
  20 kobolds
  A quokka zombie (D:9)
  9 rats
263 creatures vanquished.

Vanquished Creatures (collateral kills)
  A scorpion (D:4)
1 creature vanquished.

Vanquished Creatures (others)
  6 withered plants (D:9)
6 creatures vanquished.

Grand Total: 270 creatures vanquished

Notes
Turn   | Place    | Note
-------+----------+-------------------------------------------
     0 | D:1      | Argons the Kobold Wizard began the quest for the Orb.
     0 | D:1      | Reached XP level 1. HP: 10/10 MP: 4/4
   328 | D:1      | Reached XP level 2. HP: 15/15 MP: 1/6
   381 | D:1      | Learned a level 2 spell: Call Imp
   384 | D:1      | Learned a level 2 spell: Blink
   959 | D:1      | Reached skill level 2 in Conjurations
   959 | D:1      | Reached XP level 3. HP: 19/19 MP: 3/7
  1803 | D:1      | You fall into a shaft and drop 1 floor!
  2168 | D:2      | Reached XP level 4. HP: 24/24 MP: 3/8
  2975 | D:2      | Reached skill level 3 in Conjurations
  3031 | D:2      | Reached skill level 5 in Stealth
  3068 | D:2      | Learned a level 3 spell: Conjure Flame
  3241 | D:2      | Reached XP level 5. HP: 25/28 MP: 3/9
  3573 | D:4      | Noticed an ogre
  4992 | D:3      | Killed an ogre
  4992 | D:3      | Reached XP level 6. HP: 32/32 MP: 0/10
  5178 | D:4      | Reached skill level 4 in Conjurations
  5355 | D:4      | You fall into a shaft and drop 2 floors!
  5423 | D:6      | Noticed a sky beast
  5825 | D:6      | Reached skill level 5 in Dodging
  5825 | D:6      | Reached XP level 7. HP: 32/36 MP: 2/11
  5901 | D:5      | Entered Level 5 of the Dungeon
  5901 | D:5      | Noticed Edmund
  5929 | D:5      | Found a snail-covered altar of Cheibriados.
  6212 | D:4      | Found a basalt altar of Yredelemnul.
  6256 | D:4      | Reached skill level 5 in Conjurations
  6404 | D:4      | Found a sacrificial altar of Ru.
  6500 | D:5      | Found an ancient bone altar of Kikubaaqudgha.
  6653 | D:5      | Found a staircase to the Ecumenical Temple.
  6692 | Temple   | Entered the Ecumenical Temple
  6906 | D:5      | Found a white marble altar of Elyvilon.
  7631 | D:7      | Reached XP level 8. HP: 41/41 MP: 5/14
  7957 | D:7      | Reached skill level 5 in Spellcasting
  8084 | D:7      | Learned a level 1 spell: Sting
  8087 | D:7      | Learned a level 2 spell: Poisonous Vapours
  8316 | D:7      | Reached skill level 1 in Poison Magic
  8820 | D:7      | Found a sacrificial altar of Ru.
  9064 | D:7      | Reached skill level 6 in Conjurations
  9523 | D:7      | Reached XP level 9. HP: 27/45 MP: 8/16
  9776 | D:6      | Reached skill level 7 in Conjurations
 10271 | D:5      | Reached skill level 5 in Poison Magic
 10392 | D:5      | Killed Edmund
 10634 | D:5      | Found a shattered altar of Ashenzari.
 10951 | D:8      | Reached skill level 8 in Conjurations
 11555 | D:8      | Found a stormy altar of Qazlal.
 11817 | D:8      | Found a radiant altar of Vehumet.
 11820 | D:8      | Became a worshipper of Vehumet
 12011 | D:8      | Reached XP level 10. HP: 50/50 MP: 8/17
 12810 | D:8      | Reached skill level 9 in Conjurations
 12988 | D:8      | Noticed a komodo dragon
 12996 | D:8      | Reached skill level 1 in Armour
 13168 | D:8      | Killed a komodo dragon
 13550 | D:8      | Found a staircase to the Lair.
 14633 | D:9      | Found a runed translucent gate.
 14633 | D:9      | Found a runed translucent gate.
 14634 | D:9      | Found a runed translucent gate.
 14637 | D:9      | Noticed Quhem's ghost (novice GrFi)
 14637 | D:9      | Noticed Hissyw Olisu's ghost (novice DESk)
 14770 | D:9      | Found a bloodstained altar of Trog.
 15063 | D:10     | Entered Level 10 of the Dungeon
 15068 | D:10     | Noticed Joseph
 15080 | D:9      | Reached skill level 10 in Conjurations
 15511 | D:9      | Learned a level 5 spell: Venom Bolt
 15515 | D:9      | Learned a level 3 spell: Mephitic Cloud
 15872 | D:10     | Noticed Josephine
 16182 | Lair:1   | Entered Level 1 of the Lair of Beasts
 16182 | Lair:1   | Noticed Gastronok
 16273 | D:10     | Killed Joseph
 16273 | D:10     | Reached XP level 11. HP: 54/54 MP: 0/18
 17121 | D:11     | Reached * piety under Vehumet
 17121 | D:11     | Offered knowledge of Flame Tongue by Vehumet.
 17125 | D:11     | Noticed a two-headed ogre
 17434 | D:8      | Learned a level 1 spell: Flame Tongue
 18022 | D:9      | Mangled by a wraith

Levels and vault maps discovered:
D:1:      psy_arrival_conway, layout_basic, roderic_serpentine_path
D:2:      layout_basic, item_on_display_a
D:3:      layout_basic
D:4:      layout_cave_pools, yredelemnul_altar_generic, first_ration,
          nicolae_ru_great_annihilating_truth
D:5:      layout_rooms, kiku_gazebo_garden_becter, grunt_temple_overflow_open,
          minmay_temple_entry_large_hall, evilmike_ruin_ashenzari, uniq_edmund
D:6:      layout_cave_pools
D:7:      layout_loops_corners, kennysheep_mini
D:8:      layout_rooms, lemuel_doored_altar, kennysheep_mini_moat,
          erik_lair_dragon
D:9:      layout_basic, bloody_trog, gammafunk_ghost_cemetery
D:10:     layout_small_grid, david_nohive_1, minivault_8, uniq_josephine,
          uniq_joseph
D:11:     layout_basic, hiddenorc2_lemuel
Temple:   nicolae_temple_great_sept
Lair:1:   layout_roguey, uniq_gastronok, uniq_grum

Skill      XL: |  1  2  3  4  5  6  7  8  9 10 11 |
---------------+----------------------------------+-----
Stealth        | 3 4 5 6 7 |  7.1
Conjurations   | 2 3 4 5 6 8 10 | 10.8
Dodging        | 3 5 |  5.0
Spellcasting   | 4 5 |  5.4
Poison Magic   | 3 6 8 9 |  9.5
Armour         | 2 |  2.0
Summonings     | |  1.0
Translocations | |  1.0

Action                   |  1- 3 |  4- 6 |  7- 9 | 10-12 || total
-------------------------+-------+-------+-------+-------++-------
Melee: Unarmed           |     8 |       |       |       ||     8
       Dagger            |     6 |    19 |    49 |    61 ||   135
 Cast: Magic Dart        |    76 |   163 |   188 |   110 ||   537
       Call Imp          |       |     2 |     4 |     1 ||     7
       Sting             |       |       |   146 |    98 ||   244
       Poisonous Vapours |       |       |    63 |    83 ||   146
       Conjure Flame     |       |       |     1 |     4 ||     5
       Venom Bolt        |       |       |       |    11 ||    11
       Mephitic Cloud    |       |       |       |     3 ||     3
       Blink             |       |       |       |     7 ||     7
       Flame Tongue      |       |       |       |    33 ||    33
  Use: Scroll            |     6 |     8 |     3 |     1 ||    18
 Stab: Sleeping          |       |       |     1 |       ||     1
  Eat: Chunk             |    12 |    11 |    19 |    18 ||    60
Armor: Robe              |     3 |    25 |     8 |     2 ||    38
       Leather armour    |       |       |       |    19 ||    19
Dodge: Dodged            |    16 |    90 |   144 |   129 ||   379

Table legend:
 A = Non-vault XP
 B = Vault XP
 C = Vault XP percentage of total XP
 D = Non-vault monster count
 E = Vault monster count
 F = Vault count percentage of total count
                 A         B        C        D         E       F
            +---------+---------+-------+---------+---------+-------
      Total |    7265 |    2328 |  24.3 |     250 |      14 |   5.3
            +---------+---------+-------+---------+---------+-------
        D:1 |      57 |       0 |   0.0 |      28 |       0 |   0.0
        D:2 |      94 |       0 |   0.0 |      33 |       0 |   0.0
        D:3 |     100 |       0 |   0.0 |      10 |       0 |   0.0
        D:4 |     126 |      45 |  26.3 |       9 |       4 |  30.8
        D:5 |     563 |     162 |  22.3 |      20 |       1 |   4.8
        D:6 |     700 |       0 |   0.0 |      18 |       0 |   0.0
        D:7 |    1475 |       0 |   0.0 |      39 |       0 |   0.0
        D:8 |    1458 |    1262 |  46.4 |      44 |       6 |  12.0
        D:9 |    1163 |     414 |  26.3 |      25 |       2 |   7.4
       D:10 |    1317 |     445 |  25.3 |      17 |       1 |   5.6
       D:11 |     212 |       0 |   0.0 |       7 |       0 |   0.0
            +---------+---------+-------+---------+---------+-------
